 Dungeon Crawl Stone Soup version 0.17-a0-1475-g9f81d98 (webtiles) character file.

3708 Fizybubbleh the Destroyer (level 9, -7/62 HPs)
             Began as a White Draconian Conjurer on July 2, 2015.
             Was a High Priest of Sif Muna.
             Killed from afar by Fizybubbleh's ghost (22 damage)
             ... with a fireball
             ... on level 8 of the Dungeon.
             The game lasted 00:57:22 (11492 turns).

Fizybubbleh the Destroyer (DrCj)                   Turns: 11492, Time: 00:57:22

Health: -7/62      AC:  8    Str: 11    XL:     9   Next: 91%
Magic:  2/19       EV: 11    Int: 19    God:    Sif Muna [*****.]
Gold:   473        SH:  0    Dex: 11    Spells: 5 memorised, 7 levels left

rFire  . . .     SeeInvis .     f - +2 dagger (holy)
rCold  + . .     Clarity  .     (armour unavailable)
rNeg   . . .     SustAt   .     (no shield)
rPois  +         Gourm    .     (helmet restricted)
rElec  .         Spirit   .     (no cloak)
rCorr  .         Warding  .     (no gloves)
rMut   .         Stasis   .     x - +0 pair of boots
MR     .....                    (no amulet)
Stlth  +.........               r - ring of wizardry
                                m - ring of poison resistance

@: heavily drained, not resistant to hostile enchantments, very unstealthy
A: breathe frost, unfitting armour, cold resistance 1, cold-blooded, AC +7
a: Breathe Frost, Channel Energy, Forget Spell, Renounce Religion


You were on level 8 of the Dungeon.
You worshipped Sif Muna.
Sif Muna was extremely pleased with you.
You were not hungry.

You visited 1 branch of the dungeon, and saw 8 of its levels.
You also visited: Ossuary.

You collected 473 gold pieces.

Inventory:

Hand weapons
 d - a +0 club
 e - a +0 club
 f - a +2 dagger of holy wrath (weapon)
 l - a +0 falchion
 A - the +3 short sword of Circularity {speed, Dex+5}
   (You found it on level 5 of the Dungeon)

   Attacks with this weapon are significantly faster.
   It affects your dexterity (+5).
 E - a +0 short sword of speed
Missiles
 C - 7 javelins (quivered)
 Q - a throwing net
Armour
 x - a +0 pair of boots (worn)
Jewellery
 m - a ring of poison resistance (left hand)
 r - a ring of wizardry (right hand)
Magical devices
 u - a wand of paralysis (11)
 y - a wand of fireball (5)
 J - a wand of cold (7)
 K - a wand of draining (11)
 P - a wand of teleportation (7)
Scrolls
 g - 3 scrolls of enchant armour
 h - 2 scrolls of amnesia {unknown}
 i - a scroll of noise {unknown}
 j - 5 scrolls of remove curse
 n - 4 scrolls of teleportation
 p - 3 scrolls of recharging
 q - a scroll of fog {unknown}
 t - a scroll of blinking
 G - 2 scrolls of magic mapping
 N - a scroll of enchant weapon {unknown}
Potions
 o - a potion of agility
 s - 3 potions of might
 v - 3 potions of magic
 w - a potion of flight
 F - a potion of poison
 H - a potion of resistance
 L - a potion of brilliance {unknown}
 M - a potion of heal wounds {unknown}
 O - 2 potions of invisibility {unknown}
Books
 a - a book of Conjurations

   Spells                             Type                      Level
   a - Magic Dart                     Conjuration                  1
   b - Searing Ray                    Conjuration                  2
   c - Dazzling Spray                 Conjuration/Hexes            3
   d - Fulminant Prism                Conjuration/Hexes            4
   e - Iskenderun's Mystic Blast      Conjuration                  4
   f - Iskenderun's Battlesphere      Conjuration/Charms           5
 I - a book of Geomancy

   Spells                             Type                      Level
   a - Sandblast                      Earth                        1
   b - Stoneskin                      Transmutation/Earth          2
   c - Passwall                       Transmutation/Earth          3
   d - Stone Arrow                    Conjuration/Earth            3
   e - Petrify                        Transmutation/Earth          4
   f - Lee's Rapid Deconstruction     Earth                        5
Comestibles
 b - 6 bread rations
 c - a meat ration
 k - 6 beef jerkies
 z - a royal jelly
 B - 5 fruits


   Skills:
 - Level 1.7(0.4) Dodging
 - Level 1.7(0.4) Stealth
 + Level 7.1(5.5) Spellcasting
 - Level 11.4(9.6) Conjurations
 - Level 4.6(3.1) Charms


You had 7 spell levels left.
You knew the following spells:

 Your Spells              Type           Power        Failure   Level  Hunger
a - Magic Dart            Conj           ####         1%          1    None
b - Searing Ray           Conj           #####.       1%          2    None
c - Iskenderun's Mystic   Conj           #####...     1%          4    ####...
d - Dazzling Spray        Conj/Hex       ###.....     2%          3    ##.....
e - Iskenderun's Battles  Conj/Chrm      ####....     12%         5    #####..


Dungeon Overview and Level Annotations

Branches:
Dungeon (8/15)             Temple (0/1) D:5
   Lair: D:8-11

Altars:
Dithmenos
Gozag
Kikubaaqudgha
Sif Muna
Xom
Zin

Annotations:
D:5 Menkaure
D:8 Fizybubbleh's ghost, experienced DrCj


Innate Abilities, Weirdness & Mutations

You can breathe waves of freezing cold.
You can buffet flying creatures when you breathe cold.
Your icy white scales are hard (AC +7).
Your body does not fit into most forms of armour.
Your flesh is cold resistant.
You are cold-blooded and may be slowed by cold attacks.


Message History

Fizybubbleh's ghost hits you but does no damage.
You take 1 damage, and have 36/62 hp.
You now have 3/19 mp.
Aim: Fizybubbleh's ghost, wielding a weapon of venom (almost destroyed)
The magic dart hits Fizybubbleh's ghost.
You feel sick.
Fizybubbleh's ghost casts a spell at you.
The orb of energy hits you!
* * * LOW HITPOINT WARNING * * *
The orb of energy explodes!
You take 30 damage, and have 6/62 hp.
MASSIVE DAMAGE!!
You now have 2/19 mp.
Drink which item? (? for menu, Esc to quit)
You feel better. Fizybubbleh's ghost hits you!
* * * LOW HITPOINT WARNING * * *
Drink which item? (? for menu, Esc to quit)
You feel better.
Fizybubbleh's ghost gestures at you while chanting.
The fireball explodes!
The fireball engulfs you!
You die...

#.#######
#.##....#
#.##....#
##.##....#
........#
#.##....#
#.#..W@.#
#((.....#
#(#######
#.# #)#
#((# #.W#
...# ###.#


You could see Fizybubbleh's ghost.

Vanquished Creatures
  Pikel (D:6)
  Sigmund (D:5)
  3 ice beasts
  2 orc warriors
  2 sky beasts
  2 phantoms (D:4)
  2 ogres
  A centaur (D:6)
  A big kobold (D:8)
  4 giant frogs
  2 elf zombies (Ossuary)
  2 scorpions (D:4)
  5 wights (D:6)
  3 hounds
  2 crimson imps
  2 human zombies (Ossuary)
  A centaur skeleton (D:5)
  3 orc priests (D:4)
  3 giant frog skeletons
  2 jellies (D:7)
  2 iguanas
  3 worker ants
  A gnoll shaman (D:7)
  Natasha (thrice) (D:3 D:5)
  6 orc wizards
  A hound zombie (D:5)
  4 mummies (Ossuary)
  10 adders
  10 gnolls
  A shadow imp (D:5)
  3 oozes
  2 adder zombies
  2 worms
  7 giant geckos
  24 orcs
  2 bat skeletons
  6 bat zombies
  5 giant cockroaches
  3 gnoll zombies (Ossuary)
  9 goblins
  11 hobgoblins
  5 quokkas
  A ball python zombie (D:5)
  12 bats
  4 giant newts
  13 kobolds
  A kobold zombie (Ossuary)
  An orc zombie (Ossuary)
  A quokka skeleton (D:4)
  12 rats
  2 rat zombies (Ossuary)
211 creatures vanquished.

Vanquished Creatures (others)
  A slave (D:7)
  A giant frog (D:7)
  2 hounds
  2 worker ants
  A gnoll (D:4)
  2 adders (D:7)
  A giant gecko (D:7)
  3 quokkas
  A giant newt (D:7)
  5 toadstools (D:1)
19 creatures vanquished.

Grand Total: 230 creatures vanquished

Notes
Turn   | Place    | Note
--------------------------------------------------------------
     0 | D:1      | Fizybubbleh the Draconian Conjurer began the quest for the Orb.
     0 | D:1      | Reached XP level 1. HP: 14/14 MP: 3/3
   632 | D:1      | Reached XP level 2. HP: 20/20 MP: 1/5
  1164 | D:2      | Reached skill level 5 in Conjurations
  1259 | D:2      | Learned a level 2 spell: Searing Ray
  1285 | D:2      | Reached XP level 3. HP: 16/26 MP: 4/6
  1409 | D:2      | Found a deep blue altar of Sif Muna.
  1415 | D:2      | Became a worshipper of Sif Muna the Loreminder
  2885 | D:3      | Found a shadowy altar of Dithmenos.
  2969 | D:3      | Reached XP level 4. HP: 30/33 MP: 1/7
  3123 | D:3      | Noticed Natasha
  3141 | D:3      | Killed Natasha
  3141 | D:3      | Reached skill level 6 in Conjurations
  3560 | D:3      | Reached XP level 5. HP: 25/38 MP: 0/8
  3995 | D:4      | Noticed a phantom
  3996 | D:4      | Found a shimmering altar of Xom.
  4055 | D:4      | Killed a phantom
  4055 | D:4      | Acquired Sif Muna's first power
  4055 | D:4      | Reached skill level 7 in Conjurations
  4263 | D:4      | Reached XP level 6. HP: 8/45 MP: 0/9
  4865 | D:4      | Reached skill level 8 in Conjurations
  5156 | D:4      | Noticed a phantom
  5177 | D:4      | Killed a phantom
  5177 | D:4      | Your scales start taking on an icy white colour.
  5177 | D:4      | Gained mutation: Your flesh is cold resistant. [White Draconian growth]
  5177 | D:4      | Reached XP level 7. HP: 16/50 MP: 6/10
  5443 | D:4      | Reached skill level 9 in Conjurations
  6176 | D:4      | Learned a level 4 spell: Iskenderun's Mystic Blast
  6180 | D:4      | Learned a level 3 spell: Dazzling Spray
  6267 | D:5      | Entered Level 5 of the Dungeon
  6332 | D:5      | Acquired Sif Muna's second power
  6352 | D:5      | Noticed Sigmund
  6491 | D:5      | Noticed Natasha
  6495 | D:5      | Killed Natasha
  6523 | D:5      | Noticed Natasha
  6524 | D:5      | Killed Natasha
  6665 | D:5      | Found a staircase to the Ecumenical Temple.
  6725 | D:5      | Reached XP level 8. HP: 31/57 MP: 0/14
  6853 | D:5      | Killed Sigmund
  6991 | D:5      | Noticed Menkaure
  7095 | D:5      | Learned a level 5 spell: Iskenderun's Battlesphere
  7126 | D:5      | Found a glowing silver altar of Zin.
  7302 | D:5      | Reached skill level 10 in Conjurations
  7466 | D:5      | Found an ancient bone altar of Kikubaaqudgha.
  8068 | D:6      | Reached skill level 11 in Conjurations
  8435 | D:5      | Got a pitted short sword
  8436 | D:5      | Identified the +3 short sword of Circularity {speed, Dex+5} (You found it on level 5 of the Dungeon)
  8606 | D:6      | Reached XP level 9. HP: 62/62 MP: 15/15
  8616 | D:6      | Found an opulent altar of Gozag.
  8738 | D:6      | Acquired Sif Muna's third power
  8920 | D:7      | Reached skill level 1 in Charms
  9032 | D:7      | Noticed Pikel
  9120 | D:6      | Killed Pikel
  9312 | D:7      | Found a sand-covered staircase.
  9316 | Ossuary  | Entered an ossuary
  9479 | Ossuary  | Reached skill level 5 in Spellcasting
 10875 | D:8      | Noticed Fizybubbleh's ghost (experienced DrCj)
 11492 | D:8      | Killed from afar by Fizybubbleh's ghost

Vault maps used:
D:1:      ldierk_walled_garden
D:2:      led_sif_pool, kennysheep_generic_room_4
D:3:      lemuel_coloured_pillars_altar, roderic_roman_lattice, uniq_natasha
D:4:      first_bread, xom_confusion_cloud
D:5:      kennysheep_vampire_church, nicolae_overflow_hidden_temple,
          minmay_temple_entry_large_hall, uniq_sigmund, uniq_menkaure
D:6:      kennysheep_mini_moat, serial_park_tiny_pond, supply_closet_lemuel
D:7:      lightli_ossuary_entry_decrepit_ruins, grunt_ogre_cave,
          grunt_ministairs_1, kennysheep_small_square, uniq_pikel
D:8:      wad_lake_hut
Ossuary:  ossuary_minmay_tomb_2a

Action                   |  1- 3 |  4- 6 |  7- 9 || total
-------------------------+-------+-------+-------++-------
Melee: Unarmed           |     5 |       |       ||     5
       Dagger            |    62 |   100 |   195 ||   357
       Short sword       |       |       |    28 ||    28
Throw: Javelin           |       |       |     8 ||     8
 Cast: Magic Dart        |    83 |   116 |   251 ||   450
       Iskenderun's Myst |       |       |    48 ||    48
       Dazzling Spray    |       |       |     5 ||     5
       Searing Ray       |       |       |     2 ||     2
 Abil: Breathe Frost     |       |       |    16 ||    16
Evoke: Wand              |       |       |     6 ||     6
  Use: Scroll            |     3 |     1 |     9 ||    13
       Potion            |       |     3 |     3 ||     6
 Stab: Sleeping          |     6 |     3 |     6 ||    15
       Paralysed         |       |       |     4 ||     4
       Distracted        |       |       |     1 ||     1
       Invisible         |       |       |     1 ||     1
  Eat: Chunk             |     8 |     4 |    13 ||    25
       Bread ration      |       |     1 |     3 ||     4
       Meat ration       |       |       |     1 ||     1
       Beef jerky        |       |       |     1 ||     1
